MLB
NEW YORK YANKEES @ OAKLAND ATHLETICS
03/15/2044
 
TOP OF THE 1ST
New York Yankees batting - Pitching for Oakland Athletics : LHP Shelby Rich
Pitching: LHP Shelby Rich
Batting: RHB C.J. Richerson 0-0: Called Strike
0-1: Ball
1-1: Foul Ball, location: 2F
1-2: Strikes out swinging, 2-3 out at first.
Batting: LHB Jordan de Jesus 0-0: Foul Ball, location: 2F
0-1: Ground out 4-3 (Groundball, 4M, EV 106.9 MPH)
Batting: RHB Geni Prawiranega 0-0: Swinging Strike
0-1: Swinging Strike
0-2: Ball
1-2: Ball
2-2: Ground out 6-3 (Groundball, 6, EV 106.9 MPH)
Top of the 1st over - 0 runs, 0 hits, 0 errors, 0 left on base; New York 0 - Oakland 0
BOTTOM OF THE 1ST
Oakland Athletics batting - Pitching for New York Yankees : LHP Francisco Rivas
Pitching: LHP Francisco Rivas
Batting: RHB Danny Murillo 0-0: SINGLE (Groundball, 4M, EV 100.6 MPH) (infield hit)
Batting: SHB Ryan Langlois 0-0: Ball
1-0: Called Strike
1-1: Ball
2-1: Ball
Danny Murillo steals 2nd, throwing error, E2
Danny Murillo to third
3-1: SINGLE (Groundball, P, EV 85.0 MPH) (infield hit)
Danny Murillo scores
Batting: RHB Muneo Kawachi 0-0: Called Strike
0-1: Ball
1-1: Swinging Strike
1-2: Grounds into double play, 4-6-3 (Groundball, 34, EV 83.8 MPH)
Batting: LHB Sakae Kasahara 0-0: Foul Ball, location: 2F
0-1: Ground out 5-3 (Groundball, 56, EV 102.5 MPH)
Bottom of the 1st over - 1 run, 2 hits, 1 error, 0 left on base; New York 0 - Oakland 1
TOP OF THE 2ND
New York Yankees batting - Pitching for Oakland Athletics : LHP Shelby Rich
Batting: LHB Jim Skare 0-0: Called Strike
0-1: Swinging Strike
0-2: Ball
1-2: SINGLE (Line Drive, 6D, EV 98.8 MPH)
Batting: LHB David Bramble 0-0: Ball
1-0: Ball
2-0: Foul Ball, location: 2F
2-1: Ball
3-1: Fly out, F7 (Flyball, 7LS, EV 88.8 MPH)
Batting: LHB Alejandro Soriano 0-0: Called Strike
0-1: Ball
1-1: Foul Ball, location: 2F
1-2: Ball
2-2: Ball
3-2: Foul Ball, location: 2F
3-2: SINGLE (Groundball, 3D, EV 95.0 MPH)
Jim Skare to second
Runner from 2nd tries for 3rd, SAFE, throw by RF made at trailing runner, OUT! 9-6
Batting: LHB Yao-pang Tien 0-0: Called Strike
0-1: Ball
1-1: Ball
2-1: Fly out, F8 (Flyball, 8RM, EV 91.9 MPH)
Top of the 2nd over - 0 runs, 2 hits, 0 errors, 1 left on base; New York 0 - Oakland 1
BOTTOM OF THE 2ND
Oakland Athletics batting - Pitching for New York Yankees : LHP Francisco Rivas
Batting: SHB Bob Morales 0-0: Called Strike
0-1: Ball
1-1: Ball
2-1: Foul Ball, location: 2F
2-2: Foul Ball, location: 2F
2-2: SOLO HOME RUN (Line Drive, 78XD, EV 114.4 MPH), Distance : 454 ft
Batting: SHB Robert Handy 0-0: Foul Ball, location: 2F
0-1: Ball
1-1: Called Strike
1-2: Ball
2-2: Strikes out looking
Batting: RHB Trevor Conklin 0-0: Ball
1-0: Ball
2-0: Fly out, F6 (Popup, 6, EV 51.2 MPH)
Batting: RHB Justin McQuarter 0-0: Called Strike
0-1: Ball
1-1: Called Strike
1-2: Foul Ball, location: 2F
1-2: Ball
2-2: Foul Ball, location: 2F
2-2: Strikes out swinging, 2-3 out at first.
Bottom of the 2nd over - 1 run, 1 hit, 0 errors, 0 left on base; New York 0 - Oakland 2
TOP OF THE 3RD
New York Yankees batting - Pitching for Oakland Athletics : LHP Shelby Rich
Batting: RHB Scott King 0-0: Ball
1-0: Ball
2-0: Ball
3-0: Base on Balls
Batting: RHB Russ Shambaugh 0-0: Ball
1-0: Foul Ball, location: 2F
1-1: Fielders Choice at 2nd, 5-4 (Groundball, 56, EV 78.8 MPH)
Batting: RHB C.J. Richerson 0-0: Ball
1-0: Swinging Strike
1-1: Foul Ball, location: 2F
1-2: Foul Ball, location: 2F
1-2: Foul Ball, location: 2F
1-2: Strikes out swinging
Batting: LHB Jordan de Jesus 0-0: Ball
1-0: Called Strike
1-1: Ball
2-1: Foul Ball, location: 2F
2-2: Foul Ball, location: 2F
2-2: SINGLE (Line Drive, 8LS, EV 99.4 MPH)
Russ Shambaugh to second
Russ Shambaugh to third
Batting: RHB Geni Prawiranega 0-0: Ball
1-0: Ball
2-0: Called Strike
2-1: Foul Ball, location: 2F
2-2: Ground out U3 (Groundball, 3, EV 91.2 MPH)
Top of the 3rd over - 0 runs, 1 hit, 0 errors, 2 left on base; New York 0 - Oakland 2
BOTTOM OF THE 3RD
Oakland Athletics batting - Pitching for New York Yankees : LHP Francisco Rivas
Batting: RHB Eduardo Chavez 0-0: Reached on error, E5 (Groundball, 56S, EV 90.6 MPH)
Batting: RHB Danny Murillo 0-0: Called Strike
0-1: Grounds into double play, 5-4-3 (Groundball, 56, EV 94.4 MPH)
Batting: SHB Ryan Langlois 0-0: Foul Ball, location: 2F
0-1: Ball
1-1: Called Strike
1-2: Strikes out swinging
Bottom of the 3rd over - 0 runs, 0 hits, 1 error, 0 left on base; New York 0 - Oakland 2
TOP OF THE 4TH
New York Yankees batting - Pitching for Oakland Athletics : LHP Shelby Rich
Batting: LHB Jim Skare 0-0: Called Strike
0-1: Called Strike
0-2: Ball
1-2: Ball
2-2: Ball
3-2: Base on Balls
Batting: LHB David Bramble 0-0: Ball
1-0: Called Strike
1-1: Ball
2-1: DOUBLE (Line Drive, 9LS, EV 90.0 MPH)
Jim Skare to third
Runner from 3rd tries for Home, SAFE, no throw by RF
Batting: LHB Alejandro Soriano 0-0: 2-RUN HOME RUN (Flyball, 9D, EV 96.2 MPH), Distance : 368 ft
Batting: LHB Yao-pang Tien 0-0: Ball
1-0: Ball
2-0: SINGLE (Groundball, 4MD, EV 106.2 MPH)
Batting: RHB Scott King 0-0: Foul Ball, location: 2F
0-1: Foul Ball, location: 2F
0-2: Foul Ball, location: 2F
0-2: Strikes out swinging
Batting: RHB Russ Shambaugh 0-0: Swinging Strike
0-1: Foul Ball, location: 2F
0-2: Strikes out looking
Batting: RHB C.J. Richerson 0-0: Ball
1-0: Called Strike
1-1: Called Strike
1-2: Ball
2-2: Foul Ball, location: 2F
2-2: Foul Ball, location: 2F
2-2: Ground out 4-3 (Groundball, 4S, EV 90.6 MPH)
Top of the 4th over - 3 runs, 3 hits, 0 errors, 1 left on base; New York 3 - Oakland 2
BOTTOM OF THE 4TH
Oakland Athletics batting - Pitching for New York Yankees : LHP Francisco Rivas
Batting: RHB Muneo Kawachi 0-0: Foul Ball, location: 2F
0-1: Ball
1-1: Foul Ball, location: 2F
1-2: SINGLE (Line Drive, 78S, EV 103.8 MPH)
Batting: LHB Sakae Kasahara 0-0: Called Strike
0-1: Ball
Muneo Kawachi is caught stealing 2nd base 2-6
1-1: Foul Ball, location: 2F
1-2: Ball
2-2: Strikes out swinging
Batting: SHB Bob Morales 0-0: Foul Ball, location: 2F
0-1: Ball
1-1: Ball
2-1: Ball
3-1: Foul Ball, location: 2F
3-2: Ground out 6-3 (Groundball, 6, EV 110.0 MPH)
Bottom of the 4th over - 0 runs, 1 hit, 0 errors, 0 left on base; New York 3 - Oakland 2
TOP OF THE 5TH
New York Yankees batting - Pitching for Oakland Athletics : LHP Shelby Rich
Pitching: LHP Neal Chauveau
Batting: LHB Jordan de Jesus 0-0: Ball
1-0: SINGLE (Line Drive, 5D, EV 99.4 MPH)
Batting: RHB Geni Prawiranega 0-0: Called Strike
0-1: Ball
1-1: Ball
2-1: Called Strike
2-2: Foul Ball, location: 2F
2-2: Foul Ball, location: 2F
2-2: Strikes out swinging
Pinch Hitting: SHB Bartholomeu Chambino 0-0: Called Strike
0-1: Ball
1-1: Ball
2-1: DOUBLE (Line Drive, 7LM, EV 90.0 MPH)
Jordan de Jesus to third
Runner from 3rd tries for Home, SAFE, no throw by LF
Batting: RHB Kai Bellow 0-0: Called Strike
0-1: Ball
1-1: Foul Ball, location: 2F
1-2: Ball
2-2: Foul Ball, location: 2F
2-2: Strikes out swinging
Batting: LHB Alejandro Soriano 0-0: Ball
1-0: Ball
2-0: Called Strike
2-1: Ball
3-1: Base on Balls
Batting: LHB Yao-pang Tien 0-0: Called Strike
0-1: Ball
1-1: Called Strike
1-2: Fly out, F8 (Flyball, 8LM, EV 89.4 MPH)
Top of the 5th over - 1 run, 2 hits, 0 errors, 2 left on base; New York 4 - Oakland 2
BOTTOM OF THE 5TH
Oakland Athletics batting - Pitching for New York Yankees : LHP Francisco Rivas
Pitching: RHP Danny Rasdall
Now in LF: Sam Saunders
Batting: SHB Robert Handy 0-0: Foul Ball, location: 2F
0-1: Ball
1-1: Called Strike
1-2: Ball
2-2: Foul Ball, location: 2F
2-2: Foul Ball, location: 2F
2-2: Fly out, F8 (Line Drive, 8RM, EV 100.6 MPH)
Batting: RHB Trevor Conklin 0-0: Ball
1-0: Ball
2-0: Fly out, F9 (Line Drive, 9, EV 91.2 MPH)
Batting: RHB Justin McQuarter 0-0: Foul Ball, location: 2F
0-1: Ball
1-1: Ball
2-1: Fly out, F9 (Flyball, 89D, EV 100.6 MPH)
Bottom of the 5th over - 0 runs, 0 hits, 0 errors, 0 left on base; New York 4 - Oakland 2
TOP OF THE 6TH
New York Yankees batting - Pitching for Oakland Athletics : LHP Neal Chauveau
Batting: RHB Scott King 0-0: Called Strike
0-1: SINGLE (Line Drive, 89M, EV 106.2 MPH)
Batting: RHB Russ Shambaugh 0-0: Ball
1-0: Fly out, F9 (Flyball, 9, EV 87.5 MPH)
Pinch Hitting: RHB Sean Neuroth 0-0: Ball
1-0: Ball
2-0: Swinging Strike
2-1: Foul Ball, location: 2F
2-2: Ball
3-2: Strikes out looking
Scott King steals 2nd base
Batter strikes out.
Batting: LHB Jordan de Jesus 0-0: Called Strike
0-1: Called Strike
0-2: Ball
1-2: Strikes out swinging
Top of the 6th over - 0 runs, 1 hit, 0 errors, 1 left on base; New York 4 - Oakland 2
BOTTOM OF THE 6TH
Oakland Athletics batting - Pitching for New York Yankees : RHP Danny Rasdall
Now at 2B: Sean Neuroth
Batting: RHB Eduardo Chavez 0-0: Swinging Strike
0-1: Foul Ball, location: 2F
0-2: Foul Ball, location: 2F
0-2: Ball
1-2: Ball
2-2: Fly out, F7 (Flyball, 78S, EV 90.6 MPH)
Batting: RHB Danny Murillo 0-0: Ball
1-0: Called Strike
1-1: Swinging Strike
1-2: Foul Ball, location: 2F
1-2: Strikes out swinging
Batting: SHB Ryan Langlois 0-0: Ball
1-0: Foul Ball, location: 2F
1-1: Foul Ball, location: 2F
1-2: Ball
2-2: Ball
3-2: Ground out 3-1 (Groundball, 3S, EV 73.1 MPH)
Bottom of the 6th over - 0 runs, 0 hits, 0 errors, 0 left on base; New York 4 - Oakland 2
TOP OF THE 7TH
New York Yankees batting - Pitching for Oakland Athletics : LHP Neal Chauveau
Pitching: RHP John Barney
Batting: RHB Geni Prawiranega 0-0: Ball
1-0: Ground out 4-3 (Groundball, 34, EV 88.8 MPH)
Batting: RHB Sam Saunders 0-0: Called Strike
0-1: Called Strike
0-2: Ball
1-2: Ball
2-2: Ball
3-2: Base on Balls
Batting: RHB Kai Bellow 0-0: Ball
1-0: Ball
2-0: Called Strike
2-1: Ball
3-1: Grounds into double play, 6-4-3 (Groundball, 6, EV 92.5 MPH)
Top of the 7th over - 0 runs, 0 hits, 0 errors, 0 left on base; New York 4 - Oakland 2
BOTTOM OF THE 7TH
Oakland Athletics batting - Pitching for New York Yankees : RHP Danny Rasdall
Pitching: RHP Greg Adair
Batting: RHB Muneo Kawachi 0-0: Ball
1-0: Called Strike
1-1: Foul Ball, location: 2F
1-2: Strikes out swinging
Batting: LHB Sakae Kasahara 0-0: Called Strike
0-1: Foul Ball, location: 2F
0-2: Ball
1-2: Strikes out swinging, 2-3 out at first.
Batting: SHB Bob Morales 0-0: Foul Ball, location: 2F
0-1: Ground out 4-3 (Groundball, 4, EV 85.0 MPH)
Bottom of the 7th over - 0 runs, 0 hits, 0 errors, 0 left on base; New York 4 - Oakland 2
TOP OF THE 8TH
New York Yankees batting - Pitching for Oakland Athletics : RHP John Barney
Pinch Hitting: LHB Evan Torraville 0-0: Foul Ball, location: 2F
0-1: Ball
1-1: Foul Ball, location: 2F
1-2: Fly out, F7 (Flyball, 7S, EV 85.6 MPH)
Pinch Hitting: LHB Kazuyoshi Nakamura 0-0: Reached on error, E4 (Groundball, 4, EV 98.1 MPH)
Batting: RHB Scott King 0-0: Ball
1-0: Called Strike
1-1: Ball
2-1: Ball
3-1: Foul Ball, location: 2F
3-2: Strikes out swinging
Batting: RHB Russ Shambaugh 0-0: Ball
1-0: Foul Ball, location: 2F
1-1: Called Strike
1-2: Strikes out swinging
Top of the 8th over - 0 runs, 0 hits, 1 error, 1 left on base; New York 4 - Oakland 2
BOTTOM OF THE 8TH
Oakland Athletics batting - Pitching for New York Yankees : RHP Greg Adair
Now at 1B: Kazuyoshi Nakamura
Now in RF: Evan Torraville
Batting: SHB Robert Handy 0-0: Ball
1-0: Ball
2-0: Ball
3-0: Base on Balls
Pinch Hitting: LHB Nate Dean 0-0: Called Strike
0-1: Swinging Strike
0-2: DOUBLE (Flyball, 9LD, EV 99.4 MPH)
Robert Handy to third
Batting: LHB George Leary 0-0: Swinging Strike
0-1: Swinging Strike
0-2: Foul Ball, location: 2F
0-2: Strikes out swinging
Pinch Hitting: LHB Tommy King 0-0: Called Strike
0-1: Ball
1-1: Foul Ball, location: 2F
1-2: Foul Ball, location: 2F
1-2: Ball
2-2: Foul Ball, location: 2F
2-2: Ball
3-2: Base on Balls
Batting: RHB Danny Murillo 0-0: SINGLE (Groundball, 6M, EV 110.0 MPH)
Robert Handy scores
Nate Dean to third
Tommy King to second
Runner from 3rd tries for Home, SAFE, throw by CF to home
Pinch Hitting: RHB Sébastien Piat 0-0: Foul Ball, location: 2F
0-1: Foul Ball, location: 2F
0-2: Strikes out swinging
Batting: RHB Muneo Kawachi 0-0: Foul Ball, location: 2F
0-1: Foul Ball, location: 2F
0-2: Ball
1-2: Strikes out swinging
Bottom of the 8th over - 2 runs, 2 hits, 0 errors, 2 left on base; New York 4 - Oakland 4
TOP OF THE 9TH
New York Yankees batting - Pitching for Oakland Athletics : RHP John Barney
Pitching: RHP Eric Stevenson
Now at 2B: Sébastien Piat
Now at 3B: Javier Garcia
Now at SS: Nate Dean
Pinch Hitting: LHB Jason Peck 0-0: Called Strike
0-1: Swinging Strike
0-2: Ball
1-2: Strikes out swinging
Batting: LHB Jordan de Jesus 0-0: Swinging Strike
0-1: Ball
1-1: Swinging Strike
1-2: Foul Ball, location: 2F
1-2: Ball
2-2: Ball
3-2: Base on Balls
Pinch Hitting: LHB Brad Ritter 0-0: Ball
1-0: Ball
2-0: Ball
Jordan de Jesus steals 2nd base
3-0: Called Strike
3-1: Foul Ball, location: 2F
3-2: Foul Ball, location: 2F
3-2: Foul Ball, location: 2F
3-2: Strikes out swinging
Batting: RHB Sam Saunders 0-0: Ball
1-0: Foul Ball, location: 2F
1-1: Ball
2-1: Foul Ball, location: 2F
2-2: Ground out U3 (Groundball, 34, EV 87.5 MPH)
Top of the 9th over - 0 runs, 0 hits, 0 errors, 1 left on base; New York 4 - Oakland 4
BOTTOM OF THE 9TH
Oakland Athletics batting - Pitching for New York Yankees : RHP Greg Adair
Pitching: RHP Timothy Greinke
Now at C: Brad Ritter
Now at 2B: Jordan de Jesus
Now at SS: Jason Peck
Pinch Hitting: SHB Todd Hewitt 0-0: Ball
1-0: Hit by Pitch
Pinch Hitting: LHB Tony Vitela 0-0: Foul Ball, location: 2F
0-1: Ball
1-1: Foul Ball, location: 2F
1-2: Ball
2-2: Foul Ball, location: 2F
2-2: Strikes out swinging
Batting: SHB Robert Handy 0-0: Ball
1-0: Fly out, F8 (Flyball, 78M, EV 90.0 MPH)
Batting: LHB Nate Dean 0-0: Called Strike
Todd Hewitt steals 2nd base
0-1: Called Strike
0-2: Ground out 5-3 (Groundball, 56, EV 108.1 MPH)
Bottom of the 9th over - 0 runs, 0 hits, 0 errors, 1 left on base; New York 4 - Oakland 4
TOP OF THE 10TH
New York Yankees batting - Pitching for Oakland Athletics : RHP Eric Stevenson
Pitching: RHP Elijah Everett
Now at 1B: Todd Hewitt
Now in LF: Jorge Bernal
Batting: SHB Billy Durham 0-0: Called Strike
0-1: Ball
1-1: Ball
2-1: Called Strike
2-2: Ball
3-2: Strikes out looking
Pitching: RHP Kyle Ehret
Batting: LHB Evan Torraville 0-0: Called Strike
0-1: Foul Ball, location: 2F
0-2: Ball
1-2: Foul Ball, location: 2F
1-2: Foul Ball, location: 2F
1-2: Ball
2-2: Ball
3-2: Base on Balls
Batting: LHB Kazuyoshi Nakamura 0-0: Ball
1-0: Called Strike
1-1: Ball
2-1: Foul Ball, location: 2F
2-2: Strikes out swinging
Batting: RHB Scott King 0-0: Called Strike
0-1: Called Strike
0-2: Strikes out swinging
Top of the 10th over - 0 runs, 0 hits, 0 errors, 1 left on base; New York 4 - Oakland 4
BOTTOM OF THE 10TH
Oakland Athletics batting - Pitching for New York Yankees : RHP Timothy Greinke
Batting: LHB George Leary 0-0: Ball
1-0: Swinging Strike
1-1: Ball
2-1: SINGLE (Groundball, 25, EV 70.0 MPH) (infield hit)
Batting: RHB Javier Garcia 0-0: Called Strike
0-1: Ball
1-1: Ball
2-1: Foul Ball, location: 2F
2-2: SINGLE (Groundball, 56D, EV 104.4 MPH)
George Leary to second
Batting: RHB Danny Murillo 0-0: Foul Ball, location: 2F
0-1: Sac Bunt to 15 - play at first, batter OUT! 1-4
George Leary to third
Javier Garcia to second
Batting: RHB Sébastien Piat 0-0: Foul Ball, location: 2F
0-1: 3-RUN HOME RUN (Flyball, 7D, EV 102.5 MPH), Distance : 407 ft
Bottom of the 10th over - 3 runs, 3 hits, 0 errors, 0 left on base; New York 4 - Oakland 7
Game Over ... Oakland defeats New York, 7 to 4
Thursday, March 31st , 2022 - OOTP Baseball 22.12 Build 89